 Dungeon Crawl Stone Soup version 0.30-a0-141-g30f27751c5 (webtiles) character file.

Game seed: 6530233050578179189

100 BlueGoblin the Grave Robber (level 4, -1/31 HPs)
             Began as a Demonspawn Necromancer on Sept 25, 2022.
             Killed from afar by a white imp (6 damage)
             ... with a puff of frost
             ... on level 3 of the Dungeon.
             The game lasted 00:05:42 (3707 turns).

BlueGoblin the Grave Robber (DsNe)                  Turns: 3707, Time: 00:05:42

Health: -1/31      AC: 10    Str:  8    XL:     4   Next: 47%
Magic:  5/8        EV: 12    Int: 16    God:
Gold:   138        SH:  0    Dex: 16    Spells: 6/9 levels left

rFire   . . .      SeeInvis +    g - +0 short sword (protect)
rCold   . . .      Faith    .    s - orb {light}
rNeg    . . .      Spirit   .    a - +0 robe
rPois   .          Reflect  .    j - +1 hat
rElec   .          Harm     .    (no cloak)
rCorr   .          Rampage  .    (no gloves)
Will    .....                    (no boots)
Stlth   +.........               (no amulet)
HPRegen 0.10/turn                p - ring of see invisible
MPRegen 0.11/turn                (no ring)

@: under a protective aura, glowing
A: foul stench 1
a: no special abilities


You were on level 3 of the Dungeon.
You visited 1 branch of the dungeon, and saw 4 of its levels.

You collected 138 gold pieces.

Inventory:

Hand Weapons
 g - a +0 short sword of protection (weapon)
Missiles
 l - a throwing net
Armour
 a - a +0 robe (worn)
 j - a +1 hat (worn)
 s - an orb of light (worn)
Jewellery
 p - a ring of see invisible (left hand)
Scrolls
 d - a scroll of fear
 e - a scroll of teleportation
 k - 2 scrolls of amnesia
 o - a scroll of silence
 r - a scroll of magic mapping
Potions
 b - a potion of magic
 c - a potion of invisibility
 f - a potion of flight {unknown}
 h - 3 potions of heal wounds
 i - 2 potions of lignification
 m - a potion of curing {unknown}
 n - a potion of resistance {unknown}
 q - a potion of ambrosia {unknown}


   Skills:
 + Level 0.5 Fighting
 + Level 2.3 Dodging
 - Level 1.7 Stealth
 + Level 3.0 Spellcasting
 + Level 5.5 Necromancy


You had 6 spell levels left.
You knew the following spells:

 Your Spells              Type           Power      Damage    Failure   Level
a - Vampiric Draining     Necr           20%        2d7       6%          3

Your spell library contained the following spells:

 Spells                   Type           Power      Damage    Failure   Level
 Necrotise                Necr           80%        1d8       1%          1
 Animate Dead             Necr           20%        N/A       19%         4
 Agony                    Necr           20%        N/A       47%         5
 Call Canine Familiar     Summ           2%         N/A       50%         3
 Ozocubu's Armour         Ice            2%         N/A       50%         3
 Portal Projectile        Hex/Tloc       4%         N/A       50%         3
 Leda's Liquefaction      Hex/Erth       1%         N/A       88%         4
 Ozocubu's Refrigeration  Ice            1%         4d7       100%        7


Dungeon Overview and Level Annotations

Branches:
Dungeon (4/15)
 Temple: D:4-7

Altars:
Okawaru


Innate Abilities, Weirdness & Mutations

You may rarely emit foul miasma when damaged in melee.


Message History

Beogh smites you!
Found 4 poisoned darts.
There is a stone staircase leading up here.
You can't see any susceptible monsters within range! (Use Z to cast anyway.)
You hit the white imp but do no damage.
Your weapon exudes an aura of protection.
The orc priest looks encouraged for a moment.
The white imp barely misses you. The orc barely misses you.
The white imp gestures at you. The puff of frost hits you!
You climb upwards.
There is a stone staircase leading down here.
You are too injured to fight recklessly!
Aiming: Vampiric Draining (dangerous; 6% risk of failure)
Press: ? - help, Q - select action, (/) - cycle Shift-Dir - straight line, f - orc
Aim: an orc, wielding a +0 dagger (haloed)
You draw life force from the orc!
You kill the orc!
You feel life coursing into your body. The white imp barely misses you.
Your Spellcasting skill increases to level 3!
Unknown command.
You hit the white imp.
Your weapon exudes an aura of protection.
The white imp is moderately wounded.
The white imp gestures at you. The puff of frost hits you!
* * * LOW HITPOINT WARNING * * *
You barely miss the white imp.
The white imp is moderately wounded.
The white imp barely misses you.
Hit: g) +0 short sword (protect)
Press: ? - help, Dir - move target, f - white imp
Aim: a white imp (moderately wounded, haloed, about 21% to evade your +0 short sword of protection)
You hit the white imp.
The white imp is severely wounded.
The white imp gestures at you. The puff of frost hits you.
You die...

#.#####.# #.# #.# #.# #.#
###.#####.####
########.............
#........###.###....#
#.....#### #.######.#
#..5)#######.#...##..
####@......#.#.#.##..
########.#####.#...#.##..
#......#.# #.#####.##..
#......#'### #.......#...
#..........# #########.#.
#####......# #.#.
#......# #...
#########'### ###.
#...........#### #.


You could see a white imp.

Vanquished Creatures
  An orc wizard (D:3)
  An adder (D:2)
  A dart slug (D:3)
  8 orcs (D:3)
  2 ball pythons
  2 endoplasms
  3 giant cockroaches
  2 hobgoblins (D:1)
  3 jackals (D:2)
  2 kobolds
  5 quokkas
  9 bats
  7 frilled lizards
  4 goblins
  6 rats
56 creatures vanquished.

Vanquished Creatures (others)
  4 fungi (D:4)
  10 plants (D:3)
14 creatures vanquished.

Grand Total: 70 creatures vanquished

Notes
Turn   | Place    | Note
-------+----------+-------------------------------------------
     0 | D:1      | BlueGoblin the Demonspawn Necromancer began the quest for
                  | the Orb.
     0 | D:1      | Reached XP level 1. HP: 13/13 MP: 3/3
   139 | D:1      | Found a faded altar of an unknown god.
   139 | D:1      | Noticed a reaper
   333 | D:1      | Gained mutation: You may rarely emit foul miasma when
                  | damaged in melee. [demonic ancestry]
   333 | D:1      | Reached XP level 2. HP: 19/19 MP: 3/5
   586 | D:2      | Reached skill level 5 in Necromancy
   796 | D:2      | Reached XP level 3. HP: 24/24 MP: 3/6
   909 | D:2      | Found an iron altar of Okawaru.
  1365 | D:2      | Learned a level 3 spell: Vampiric Draining
  2903 | D:3      | Reached XP level 4. HP: 20/30 MP: 8/8
  3582 | D:4      | Noticed an ogre
  3700 | D:4      | Noticed an ogre
  3707 | D:3      | Killed from afar by a white imp

Illustrated notes

Levels and vault maps discovered:
D:1:      dpeg_arrival_solitude, layout_rooms,
          dreamdust_ecumenical_altar_sealed_demon, serial_bayou_ford_a
D:2:      layout_basic, basic_altar, mrwooster_statue_mirror,
          kennysheep_generic_room_12
D:3:      layout_basic, minivault_24, chequers_big_river
D:4:      layout_cave_pools, mainiacjoe_overflow_surrounded_room,
          yredelemnul_altar_generic, nicolae_sif_muna_little_library,
          dreamdust_mushroom_princess, corner_web_ring

Skill      XL: |  1  2  3  4 |
---------------+-------------+-----
Necromancy     | 5 |  5.5
Dodging        | 2 |  2.3
Spellcasting   | 3 |  3.0
Fighting       | |  0.5
Stealth        | |  1.7

Action                   |  1- 3 |  4- 6 || total
-------------------------+-------+-------++-------
Melee: Unarmed           |     2 |       ||     2
       Short sword       |   112 |    39 ||   151
       Punch             |     1 |       ||     1
 Cast: Necrotise         |    43 |       ||    43
       Vampiric Draining |     4 |     3 ||     7
  Use: Scroll            |    10 |       ||    10
 Stab: Distracted        |     1 |     1 ||     2
Armor: Robe              |    31 |    11 ||    42
Dodge: Dodged            |    80 |    24 ||   104

Table legend: (Time is in decaauts)
 A = Elapsed time spent in this place.
 B = Non-inter-level travel time spent in this place.
 C = Inter-level travel time spent in this place.
 D = Time resting spent in this place.
 E = Time spent auto-exploring this place.
 F = Levels seen in this place.
 G = Mean time per level.
                   A        B        C        D        E       F      G
               +--------+--------+--------+--------+--------+-----+--------+
         Total |   3734 |   3527 |    207 |    336 |   2669 |   4 |  933.5 |
       Dungeon |   3734 |   3527 |    207 |    336 |   2669 |   4 |  933.5 |
               +--------+--------+--------+--------+--------+-----+--------+

Top non-repeatable levels by time:
     D:3: 1943 daAuts
     D:2: 1202 daAuts
     D:1: 568 daAuts
     D:4: 20 daAuts
